 Dungeon Crawl Stone Soup version 0.31-a0-263-ge8cad7f256 (webtiles) character file.

Game seed: 13708040404472925536

56 qw the Shooter (level 3, -2/21 HPs)
             Began as a Gargoyle Hexslinger on July 13, 2023.
             Killed by divine providence
             ... invoked by an orc priest
              (14 damage)
             ... on level 3 of the Dungeon.
             The game lasted 00:00:30 (1276 turns).

qw the Shooter (Gargoyle Hexslinger)                Turns: 1276, Time: 00:00:30

Health: -2/21      AC:  9    Str: 11    XL:     3   Next: 97%
Magic:  4/4        EV: 10    Int: 13    God:
Gold:   196        SH:  0    Dex: 14    Spells: 3/4 levels left

rFire   . . .        Y - +1 sling
rCold   . . .        (no shield)
rNeg    + . .        j - +0 ring mail
rPois   inf          (no helmet)
rElec   +            (no cloak)
rCorr   .            h - +0 pair of gloves
SInv    .            (no boots)
Will    .....        (no amulet)
Stlth   +            (no ring)
HPRegen 0.23/turn    (no ring)
MPRegen 0.09/turn

%: no passive effects
@: no status effects
A: sickness immunity, AC +3, negative energy resistance 1, electricity
resistance, torment resistance 1, petrification resistance
a: no special abilities


You were on level 3 of the Dungeon.
You visited 1 branch of the dungeon, and saw 3 of its levels.

You collected 196 gold pieces.


Innate Abilities, Weirdness & Mutations

You are immune to sickness and miasma.
Your stone body is resilient. (AC +3)
You are immune to poison.
You resist negative energy. (rN+)
You are resistant to electric shocks. (rElec)
You are resistant to unholy torment.
You are immune to petrification.


   Skills:
 - Level 2.0 Fighting
 + Level 3.5 Ranged Weapons
 - Level 1.0 Armour
 - Level 1.5 Dodging
 - Level 1.0 Spellcasting
 - Level 2.6 Hexes


You had 3 spell levels left.
You knew the following spells:

 Your Spells              Type           Power      Damage    Failure   Level
a - Slow                  Hex            28%        N/A       22%         1

Your spell library contained the following spells:

 Spells                   Type           Power      Damage    Failure   Level
 Inner Flame              Hex/Fire       4%         N/A       75%         3
 Portal Projectile        Hex/Tloc       8%         N/A       75%         3
 Cause Fear               Hex            3%         N/A       91%         4

Inventory:

Hand Weapons
 Y - a +1 sling (weapon)
Armour
 a - a +0 pair of boots
 b - the -1 pair of gloves "Use Lirgh" {Harm Rampage rElec}
   (You found it on level 2 of the Dungeon)

   rElec:     It insulates you from electricity.
   Harm:      It increases damage dealt and taken.
   Rampage:   It bestows one free step when moving towards enemies.
 h - a +0 pair of gloves (worn)
 j - a +0 ring mail (worn)
Jewellery
 c - a ring of willpower
Potions
 e - a potion of enlightenment {unknown}
 g - a potion of curing {unknown}
 i - a potion of magic {unknown}

Dungeon Overview and Level Annotations

Branches:
Dungeon (2/15)

Altars:
Xom


Message History

You shoot a sling bullet.
The sling bullet closely misses the adder.
The adder bites you but does no damage. x2
You shoot a sling bullet. The sling bullet hits the adder.
The adder is heavily wounded.
The adder bites you. The adder closely misses you.
You shoot a sling bullet. The sling bullet hits the adder.
You kill the adder!
You start resting.
HP restored.
You hear the slow rusting of a very distant drain.
Found a leather armour.
An orc comes into view. It is wielding a +0 short sword.
The orc shouts!
You shoot a sling bullet.
The sling bullet closely misses the orc.
An orc comes into view. It is wielding a +0 short sword.
You shoot a sling bullet. The orc shouts!
The sling bullet hits the orc.
The orc is severely wounded.
An orc comes into view. It is wielding a +0 dagger.
An orc priest comes into view. It is wielding a +0 dagger.
You shoot a sling bullet.
The sling bullet closely misses the orc.
The sling bullet barely misses the orc.
The orc priest shouts!
The orc shouts!
You shoot a sling bullet. The sling bullet barely misses the orc.
The sling bullet closely misses the orc.
The sling bullet barely misses the orc priest.
The orc priest invokes the aid of Beogh against you.
Beogh smites you!
You shoot a sling bullet. The sling bullet hits the orc.
You kill the orc!
The orc priest begins to cast a cantrip, but forgets the words!
An adder comes into view.
The orc priest calls down the wrath of Beogh upon you.
Beogh smites you!
Ouch! That really hurt!
You die...

### . #.. ..
##.## [.. ...
....
########.##....S
#...#...@o.o.o..
#.#.#.##.#......
#.#.#.#..# .....
#...#.##.# ....
#..##.##.# ...
#..##.##.# ..
#..#.....# .
#..#..####
#........#


You could see an orc priest, an adder (wandering) and 2 orcs.

Vanquished Creatures
  An adder (D:3)
  A worm (D:2)
  2 dart slugs (D:2)
  An orc (D:3)
  3 bats
  4 endoplasms (D:1)
  A giant cockroach (D:1)
  6 goblins
  5 hobgoblins
  2 jackals (D:1)
  2 quokkas (D:2)
  4 ball pythons (D:1)
  2 frilled lizards
  3 kobolds
  A rat (D:1)
38 creatures vanquished.

Notes
Turn   | Place    | Note
-------+----------+-------------------------------------------
     0 | D:1      | qw the Gargoyle Hexslinger began the quest for the Orb.
     0 | D:1      | Reached XP level 1. HP: 12/12 MP: 2/2
     0 | D:1      | 0 ||| qw: Version: 0.3-a-52-g30416fa
     0 | D:1      | 0 ||| qw: Game counter: 7238
     0 | D:1      | 0 ||| qw: Melee chars always use a shield: true
     0 | D:1      | 0 ||| qw: God list: Okawaru
     0 | D:1      | 0 ||| qw: Allow faded altars: false
     0 | D:1      | 0 ||| qw: Do Orc after clearing Dungeon:15 true
     0 | D:1      | 0 ||| qw: Do second Lair branch before Depths: true
     0 | D:1      | 0 ||| qw: Lair rune preference: random
     0 | D:1      | 0 ||| qw: Goals: Normal
     0 | D:1      | 0 ||| PLANNING D:1-11
    85 | D:1      | Reached XP level 2. HP: 16/16 MP: 3/3
   166 | D:1      | Reached skill level 3 in Ranged Weapons
   559 | D:1      | Found a faded altar of an unknown god.
   589 | D:1      | Reached XP level 3. HP: 21/21 MP: 4/4
   663 | D:1      | 663 ||| UPGRADING to +0 pair of gloves.
   668 | D:1      | 668 ||| UPGRADING to +0 ring mail.
   678 | D:1      | 678 ||| DROPPING +0 robe.
   679 | D:1      | 679 ||| READING 2 scrolls labelled UZOC WAUMYU.
   680 | D:1      | 680 ||| READING scroll labelled LITAIM TYAH.
   681 | D:1      | 681 ||| DROPPING scroll of amnesia.
   682 | D:1      | 682 ||| DROPPING scroll of poison.
   974 | D:2      | Reached skill level 1 in Armour
  1082 | D:2      | Found a shimmering altar of Xom.
  1131 | D:2      | Identified the -1 pair of gloves "Use Lirgh" {Harm Rampage
                  | rElec}
  1220 | D:2      | You fall into a shaft and drop 1 floor!
  1234 | D:3      | 1234 ||| PLANNING SEWER
  1276 | D:3      | Killed from afar by an orc priest

Levels and vault maps discovered:
D:1:      minmay_arrival_five_plusses, layout_basic,
          shapermc_ecumenical_altar_pompeii, minmay_misc_feat_x
D:2:      layout_basic, basic_altar, dreamdust_mushroom_princess
D:3:      layout_basic, gammafunk_ghost_nasty_kobolds, gup_sewer_entry_bowl,
          st_stairs_10, minmay_joined_circles

Skill      XL: |  1  2  3 |
---------------+----------+-----
Ranged Weapons | 3 |  3.5
Fighting       | 2 |  2.0
Armour         | 1 |  1.0
Dodging        | |  1.5
Spellcasting   | |  1.0
Hexes          | |  2.6

Action                     || total
---------------------------++-------
   Fire: Sling             ||   121
    Use: Scroll            ||     2
 Armour: Robe              ||     5
         Ring mail         ||    12
  Dodge: Dodged            ||    33

Table legend:
 A = Non-vault XP
 B = Vault XP
 C = Vault XP percentage of total XP
 D = Non-vault monster count
 E = Vault monster count
 F = Vault count percentage of total count
                 A         B        C        D         E       F
            +---------+---------+-------+---------+---------+-------
      Total |      84 |       0 |   0.0 |      38 |       0 |   0.0
            +---------+---------+-------+---------+---------+-------
        D:1 |      37 |       0 |   0.0 |      23 |       0 |   0.0
        D:2 |      31 |       0 |   0.0 |      13 |       0 |   0.0
        D:3 |      16 |       0 |   0.0 |       2 |       0 |   0.0
            +---------+---------+-------+---------+---------+-------
